Map: El Dorado

Players

Blanknown

  • Race: Terran Terran
  • League: Silver
  • Spawn Location: 7:00

wootwoot - Winner!

  • Race: Protoss Protoss
  • League: Silver
  • Spawn Location: 5:00

VOD

Have the link to the VOD?

Description

Time

  • Played on: April 21, 2025, 11:48 a.m.
  • Length: 4:24
Show
View Real Time Build Order
Export as new Build Order

Blanknown Terran 

Build Orders:  

Get SALT Encoding   

  12  0:12  Supply Depot  
  12  0:15  SCV  
  13  0:38  Barracks  
  13  0:47  Refinery  
  13  0:57  Barracks  
  13  1:01  SCV  
  14  1:14  SCV  
  15  1:27  Marine  
  16  1:44  Marine  
  16  1:45  Marine  
  18  1:58  Bunker  
  18  2:02  Marine  
  18  2:03  Marine  
  20  2:20  Marine  
  20  2:21  Marine  
  18  2:49  Factory  
  13  3:10  Supply Depot  
  13  3:14  Supply Depot  
  13  3:20  Bunker  
  13  3:34  Widow Mine  
Show
View Real Time Build Order
Export as new Build Order

wootwoot Protoss - Winner!

Build Orders:  

Get SALT Encoding   

  12  0:01  Probe  
  13  0:13  Probe  
  14  0:19  Pylon  
  14  0:25  Probe  
  15  0:37  Gateway  
  15  0:42  Assimilator  
  15  0:50  Pylon  
  15  1:08  Gateway  
  15  1:16  Gateway  
  15  1:30  Cybernetics Core  
  15  1:38  Probe  
  16  1:50  Probe  
  17  1:55  Stalker x2  
  15  2:52  Stalker  
  15  2:56  Probe  
  17  3:04  Probe  
  19  3:13  Probe  
  20  3:21  Probe  
  21  3:29  Probe  
  22  3:40  Probe  
  22  3:41  Stalker  
  25  3:52  Probe  
  26  4:04  Probe  
  26  4:12  Cybernetics Core  
Tags
 
Matchup
PvT
Replay Pack
#1B2M-Replays
Spawn Locations
Close Positions
Add a new tag
Caveats
  • Supply blocks, unpowered buildings, or Contaminate may cause inaccurate times.
  • Supply counts are checked every 10 seconds.